[Event "*** SCC Grand Prix: Titled Tuesday Blitz"]
[Site "Chess.com"]
[Date "2020.06.09"]
[Round "5"]
[White "Vision_64"]
[Black "kuba2006"]
[Result "1-0"]
[WhiteElo "2146"]
[BlackElo "2311"]
[TimeControl "180+1"]
[EndTime "9:56:46 PDT"]
[Termination "Vision_64 won on time"]

1. e4 Nf6 2. e5 Nd5 3. c4 Nb6 4. c5 Nd5 5. Nc3 Nxc3 6. dxc3 d6 7. cxd6 exd6 8. Bc4 Nc6 9. exd6 Bxd6 10. Nf3 O-O 11. O-O Bg4 12. h3 Bh5 13. Qd5 Bxf3 14. Qxf3 Ne5 15.
Qe2 Re8 16. Be3 Nxc4 17. Qxc4 Qf6 18. Qd4 Be5 19. Qg4 g6 20. Rad1 Rad8 21. Rxd8 Rxd8 22. Rd1 Bd6 23. Bg5 Bh2+ 24. Kxh2 Qe5+ 25. Bf4 Qe7 26. Rxd8+ Qxd8 27. Be5 c6 28. Qd4 Qe8 29. Bh8 Qf8 30.
Bf6 Qb8+ 31. g3 Kf8 32. Qh4 Kg8 33. Qh6 Qf8 34. Qxf8+ Kxf8 35. Kg2 Ke8 36. Kf3 Kd7 37. Ke4 Ke6 38. Bd4 h6 39. g4 b6 40. h4 Kd6 41. h5 g5 42. Bg7 1-0

[Event "*** SCC Grand Prix: Titled Tuesday Blitz"]
[Site "Chess.com"]
[Date "2020.06.09"]
[Round "5"]
[White "Salem-AR"]
[Black "EvgenyRomanov"]
[Result "1-0"]
[WhiteElo "2971"]
[BlackElo "2664"]
[TimeControl "180+1"]
[EndTime "9:56:47 PDT"]
[Termination "Salem-AR won on time"]

1. d4 d5 2. c4 dxc4 3. Nf3 Nf6 4. Nc3 a6 5. e4 b5 6. e5 Nd5 7. a4 e6 8. axb5 Nb6 9. Be2 Bb7 10. bxa6 Nxa6 11.
O-O Be7 12. Qd2 O-O 13. Qf4 Nb4 14. Rxa8 Bxa8 15. Qg4 Kh8 16. Ng5 Nd3 17. Bxd3 cxd3 18. Rd1 Nc4 19. Rxd3 Nxe5 20. Qh5 h6 21. Nxe6 fxe6 22.
Qxe5 Bf6 23. Qh5 Qe8 24. Qg4 Qc6 25. Rh3 Kh7 26. Rg3 Qe8 27. Be3 Qf7 28. h3 e5 29. Ne2 exd4 30. Nxd4 Qd5 31. Nf5 Be5 32. Bf4 1-0

[Event "*** SCC Grand Prix: Titled Tuesday Blitz"]
[Site "Chess.com"]
[Date "2020.06.09"]
[Round "5"]
[White "Lagmantr"]
[Black "Jbd735"]
[Result "1-0"]
[WhiteElo "2721"]
[BlackElo "2464"]
[TimeControl "180+1"]
[EndTime "9:56:47 PDT"]
[Termination "Lagmantr won on time"]

1. e4 e5 2. Nf3 Nc6 3. Be2 Nf6 4. Nc3 Be7 5. d4 exd4 6. Nxd4 O-O 7. Nxc6 bxc6 8. e5 Ne8 9. O-O f6 10. Bf4 fxe5 11.
Bxe5 d6 12. Bg3 Rb8 13. b3 Bf6 14. Qd2 Bf5 15. Rae1 Qd7 16. Bf3 g6 17. Ne4 Bg7 18. Qa5 Nf6 19. Nxf6+ Bxf6 20. c4 h5 21. h3 h4 22. Bh2 Bd3 23. Be2 Bf5 24. c5 Rfe8 25. Bf3 Rb5 26. Rxe8+ Qxe8 27. Qxc7 Rxc5 28. Qxd6 Qe7 29.
Qb8+ Qd8 30. Qxa7 Rc2 31. Qe3 Bd4 32. Qh6 Qb6 33. Qxh4 Bd3 34. Be4 1-0

[Event "*** SCC Grand Prix: Titled Tuesday Blitz"]
[Site "Chess.com"]
[Date "2020.06.09"]
[Round "5"]
[White "KNVB"]
[Black "gui_borba"]
[Result "1-0"]
[WhiteElo "2707"]
[BlackElo "2359"]
[TimeControl "180+1"]
[EndTime "9:56:47 PDT"]
[Termination "KNVB won by resignation"]

1. d4 Nf6 2. c4 e6 3. Nc3 Bb4 4. e3 O-O 5. Ne2 c6 6. a3 Ba5 7.
Ng3 d5 8. Bd2 Bc7 9. f4 Nbd7 10.
c5 b6 11. b4 a5 12. Bd3 Ba6 13. Bxa6 Rxa6 14. O-O axb4 15. axb4 Qa8 16. Rb1 b5 17. Qc2 Qa7 18. h3 Ra8 19. Nh1 Ne4 20. Nxe4 dxe4 21. Qxe4 Nf6 22. Qf3 Ra2 23. Be1 Nd5 24. f5 exf5 25. e4 Ne7 26. d5 Be5 27. d6 Bd4+ 28. Bf2 fxe4 29. Qxe4 Bxf2+ 30. Rxf2 Nd5 31.
Rbf1 Rxf2 32. Nxf2 Qd7 33. Nd3 f6 34. Re1 h6 35. Nf4 Nxf4 36. Qxf4 Kf7 37. Re7+ Qxe7 38. dxe7 Kxe7 39. Qd6+ Kf7 40. Qxc6 Re8 41. Qxb5 Re1+ 42. Kh2 Re7 43. c6 1-0

[Event "*** SCC Grand Prix: Titled Tuesday Blitz"]
[Site "Chess.com"]
[Date "2020.06.09"]
[Round "5"]
[White "pavelalexandru07"]
[Black "sasko1234"]
[Result "0-1"]
[WhiteElo "2160"]
[BlackElo "2479"]
[TimeControl "180+1"]
[EndTime "9:56:47 PDT"]
[Termination "sasko1234 won by resignation"]

1. e4 d6 2. d4 Nf6 3. Nc3 c6 4. Nf3 Bg4 5. Be2 e6 6. O-O Be7 7. h3 Bh5 8. a4 d5 9. e5 Nfd7 10. Bf4 a6 11. a5 c5 12. Re1 Nc6 13. dxc5 Nxc5 14. Nd4 Bg6 15. Nxc6 bxc6 16. Bf3 O-O 17. Ne2 Ne4 18. Bxe4 Bxe4 19. Ng3 Bg6 20. c3 Qc8 21. Qd2 Rb8 22. Be3 c5 23. Ne2 Qc7 24. Nf4 Rb7 25. Nd3 Rfb8 26. f4 Bxd3 27. Qxd3 c4 28. Qd4 g6 29. g4 Rxb2 30. f5 R2b5 31. fxe6 fxe6 32.
Qf4 Rf8 33. Qg3 Bc5 34. Bd4 Bxd4+ 35. cxd4 Rb3 36. Qh4 Qa7 37. Rf1 Qxd4+ 38. Kh1 Qe4+ 39. Kg1 Rbf3 40. Rxf3 Qxf3 41. Rb1 Qe3+ 42. Kh1 Qe4+ 43.
Kh2 Qc2+ 0-1

[Event "*** SCC Grand Prix: Titled Tuesday Blitz"]
[Site "Chess.com"]
[Date "2020.06.09"]
[Round "5"]
[White "angryhorse9"]
[Black "pfalcon1949"]
[Result "1-0"]
[WhiteElo "2331"]
[BlackElo "1926"]
[TimeControl "180+1"]
[EndTime "9:56:47 PDT"]
[Termination "angryhorse9 won on time"]

1. e4 e6 2. d3 d5 3. Nd2 c5 4. Ngf3 Nc6 5. g3 Bd6 6. Bg2 Nge7 7. O-O O-O 8. Re1 f6 9. exd5 exd5 10. d4 c4 11. Nf1 Bf5 12. Ne3 Bg6 13. c3 b5 14. Nh4 Bf7 15. a3 Rb8 16. Nhf5 Nxf5 17. Nxf5 Bc7 18. Qg4 Bg6 19. Nh4 f5 20. Qf3 Ne7 21.
Nxg6 hxg6 22. Bg5 Bd6 23. Bxe7 Bxe7 24. Qxd5+ Kh7 25. Qxd8 Bxd8 26. Re6 Bf6 27. Rae1 a5 28. Ra6 b4 29. Rxa5 bxc3 30. bxc3 Rb3 31. Rc1 Re8 32. Bf1 Rb2 33. Bxc4 Bg5 34. f4 Bf6 35. Rb5 Rd2 36.
Rbb1 Re3 37. Bf1 Rxc3 38. Rxc3 Bxd4+ 39. Kh1 Bxc3 40. a4 Bb4 41. Bb5 Bc3 42. Rc1 Bd4 43. Rc4 Bf6 44. Rb4 Ra2 45. Rb3 Kh6 46. Re3 g5 47. Re2 gxf4 48. Rxa2 1-0

[Event "*** SCC Grand Prix: Titled Tuesday Blitz"]
[Site "Chess.com"]
[Date "2020.06.09"]
[Round "5"]
[White "BocharovD"]
[Black "rubhani"]
[Result "1-0"]
[WhiteElo "2754"]
[BlackElo "2556"]
[TimeControl "180+1"]
[EndTime "9:56:48 PDT"]
[Termination "BocharovD won on time"]

1. c4 e5 2. g3 Nc6 3. Bg2 Bc5 4.
Nc3 d6 5. Nf3 h5 6. h4 Bg4 7. d3 a6 8. a3 Nge7 9. b4 Ba7 10. O-O O-O 11. Nh2 f5 12. Bg5 Qd7 13.
Qd2 Ng6 14. Nd5 Nd4 15. Nxg4 fxg4 16. Be4 Nf5 17. Ne3 Nge7 18. Bxe7 Nxe7 19. Bxb7 Rab8 20.
Bg2 c6 21. Rac1 Rf6 22. c5 d5 23. f3 Rbf8 24. fxg4 hxg4 25. Rxf6 Rxf6 26. Rf1 Rxf1+ 27. Nxf1 Bb8 28. Qg5 Qe6 29. Ne3 e4 30. dxe4 d4 31. Nf5 Nxf5 32. Qxf5 Qe8 33. e5 Bxe5 34. Bxc6 Bxg3 35.
Bxe8 1-0

[Event "*** SCC Grand Prix: Titled Tuesday Blitz"]
[Site "Chess.com"]
[Date "2020.06.09"]
[Round "5"]
[White "Gloomy_Wanderer"]
[Black "topotun"]
[Result "1/2-1/2"]
[WhiteElo "2783"]
[BlackElo "2615"]
[TimeControl "180+1"]
[EndTime "9:56:49 PDT"]
[Termination "Game drawn by repetition"]

1. d4 Nf6 2. Nf3 c5 3. d5 d6 4. Nc3 g6 5. e4 Bg7 6. Bb5+ Bd7 7. a4 Bxb5 8. axb5 O-O 9. O-O Nbd7 10. Re1 Nb6 11.
Na4 Ne8 12. c3 Nxa4 13. Qxa4 Nc7 14. Bf4 Qd7 15. c4 Bxb2 16. Ra2 Bc3 17. Re3 Bd4 18. Ree2 f6 19. Qd1 e5 20. Nxd4 cxd4 21. Bd2 Rfc8 22. Bb4 b6 23. f4 a6 24. fxe5 fxe5 25. bxa6 Nxa6 26. Qb3 Nxb4 27. Qxb4 Qc7 28. h3 Rxa2 29.
Rxa2 Qxc4 30. Qxd6 Qxa2 31. Qe6+ Kg7 32. Qxe5+ Kh6 33.
Qf4+ Kh5 34. Qg4+ Kh6 35. Qf4+ Kh5 36. Qg4+ Kh6 37. Qh4+ Kg7 38. Qe7+ Kh6 39. Qh4+ Kg7 40. Qe7+ Kh6 41. Qh4+ 1/2-1/2

[Event "*** SCC Grand Prix: Titled Tuesday Blitz"]
[Site "Chess.com"]
[Date "2020.06.09"]
[Round "5"]
[White "Caracternin123"]
[Black "VincentKeymer"]
[Result "0-1"]
[WhiteElo "2558"]
[BlackElo "2761"]
[TimeControl "180+1"]
[EndTime "9:56:49 PDT"]
[Termination "VincentKeymer won by resignation"]

1. d4 Nf6 2. Nf3 d5 3. Bg5 e6 4. Nbd2 h6 5. Bh4 c5 6. e3 Nc6 7. c3 Be7 8. Bd3 b6 9. O-O Bb7 10. Ne5 Nxe5 11. dxe5 Nd7 12. Bxe7 Qxe7 13. f4 O-O 14.
Nf3 Rad8 15. Qe2 f6 16. exf6 Rxf6 17. Bb5 Nf8 18. Ne5 Ng6 19. Nxg6 Rxg6 20. Bd3 Rf6 21. e4 d4 22. e5 Rff8 23. c4 Qh4 24. f5 exf5 25. e6 Be4 26. g3 Bxd3 27. Qxd3 Qe7 28. Rae1 Rf6 29. Rxf5 Rxe6 30. Ref1 Re1 31. Rxe1 Qxe1+ 32.
Kg2 Qe6 33. h4 Re8 34. Rf2 Qc6+ 35. Kh2 Re1 36. Rf3 Qe6 37. h5 Re2+ 38. Kg1 Rxb2 39. Qf1 Qe7 40. Qh3 Qe1+ 41. Rf1 Qe3+ 42. Kh1 Rf2 43.
Rxf2 Qxf2 44. Qe6+ Qf7 45. Qe2 Qd7 46. g4 d3 47. Qd2 Qd4 48. g5 Qh4+ 0-1

[Event "*** SCC Grand Prix: Titled Tuesday Blitz"]
[Site "Chess.com"]
[Date "2020.06.09"]
[Round "5"]
[White "Semen_Khanin"]
[Black "UCantHandleDenker"]
[Result "1-0"]
[WhiteElo "2741"]
[BlackElo "2520"]
[TimeControl "180+1"]
[EndTime "9:56:49 PDT"]
[Termination "Semen_Khanin won on time"]

1. e4 d6 2. d4 Nf6 3. Nc3 g6 4. Nf3 Bg7 5. Be3 O-O 6. Qd2 c6 7. Bh6 b5 8. Bxg7 Kxg7 9. Bd3 Nbd7 10. h4 h5 11. Ne2 Qc7 12. Ng3 Rb8 13. O-O-O c5 14. e5 dxe5 15. Qg5 e4 16. Nf5+ Kg8 17. Nxe7+ Kg7 18. Nf5+ Kg8 19. Ne5 Nxe5 20. dxe5 Bxf5 21.
exf6 Kh7 22. Be2 Qe5 23. g4 Rb6 24. gxf5 Qxf6 25. fxg6+ fxg6 26. Rd7+ Rf7 27. Rxf7+ Qxf7 28. Qxc5 Rf6 29. Rd1 Rxf2 30. Bxb5 Qf4+ 31. Kb1 Rd2 32. Qe7+ Kh8 33. Rc1 e3 34. a4 Qf3 35. Bd3 Rd1 36. Rxd1 Qxd1+ 37. Ka2 Qd2 38. Bxg6 Kg8 39. Qf7+ 1-0

[Event "*** SCC Grand Prix: Titled Tuesday Blitz"]
[Site "Chess.com"]
[Date "2020.06.09"]
[Round "5"]
[White "abhidabhi"]
[Black "Benjoneliere44"]
[Result "1-0"]
[WhiteElo "2730"]
[BlackElo "2485"]
[TimeControl "180+1"]
[EndTime "9:56:49 PDT"]
[Termination "abhidabhi won by resignation"]

1. e4 c5 2. Nc3 Nc6 3. Bb5 Nd4 4. Nf3 g6 5. Ba4 Bg7 6. O-O e6 7. Nxd4 cxd4 8. Ne2 Ne7 9. d3 O-O 10. Bf4 e5 11.
Bg5 f6 12. Bd2 d5 13. exd5 Nxd5 14. c3 dxc3 15. bxc3 Kh8 16. d4 f5 17. dxe5 Bxe5 18. Bb3 Nb6 19. Qc2 f4 20. f3 Bf5 21. Qc1 Bd3 22.
Re1 Qd6 23. Nd4 Nc4 24. Bxc4 Bxc4 25. a4 g5 26. Qb2 b6 27. a5 b5 28. Nxb5 Qc5+ 29. Nd4 g4 30. Qa3 Qxa3 31. Rxa3 Bxd4+ 32. cxd4 gxf3 33. Rxf3 Rfe8 34. Rxf4 Rxe1+ 35. Bxe1 Re8 36. Bb4 Re2 37. h4 Kg7 38. h5 Kh6 39. Rf5 Kg7 40. Bf8+ Kg8 41. Bh6 Bf7 42. g4 Re4 43. d5 Rxg4+ 44.
Kf2 1-0

[Event "*** SCC Grand Prix: Titled Tuesday Blitz"]
[Site "Chess.com"]
[Date "2020.06.09"]
[Round "5"]
[White "chito89"]
[Black "bait_or_mate"]
[Result "1-0"]
[WhiteElo "2741"]
[BlackElo "2590"]
[TimeControl "180+1"]
[EndTime "9:56:49 PDT"]
[Termination "chito89 won by checkmate"]

1. e4 e5 2. Nf3 Nc6 3. Bb5 a6 4. Ba4 Nf6 5. O-O Nxe4 6. Re1 Nc5 7. Bxc6 dxc6 8. d4 Ne6 9. Rxe5 Be7 10. c3 O-O 11. Qb3 Bf6 12. Re1 Qd6 13. Nbd2 Qd5 14. Ne4 Qxb3 15. Nxf6+ gxf6 16. axb3 Bd7 17. Bh6 Rfe8 18.
Nd2 f5 19. Nc4 Nf8 20. b4 Ng6 21. g3 f6 22. h4 Kf7 23. h5 Nf8 24. Kg2 Ne6 25. Re3 f4 26. Bxf4 Nxf4+ 27. gxf4 Be6 28. Na5 Bd5+ 29. Kf1 b6 30. c4 Be6 31. f5 Bd7 32.
Nb3 Rxe3 33. fxe3 Bxf5 34. Kf2 Bg4 35. b5 cxb5 36. cxb5 a5 37. Rc1 Ra7 38. h6 Bd7 39. d5 Bxb5 40. Rg1 Bd3 41. Rg7+ Kf8 42. Nd4 a4 43. Ne6+ Ke8 44. d6 Ra5 45. d7# 1-0

[Event "*** SCC Grand Prix: Titled Tuesday Blitz"]
[Site "Chess.com"]
[Date "2020.06.09"]
[Round "5"]
[White "Matibar"]
[Black "Natalya_Buksa"]
[Result "0-1"]
[WhiteElo "2711"]
[BlackElo "2577"]
[TimeControl "180+1"]
[EndTime "9:56:49 PDT"]
[Termination "Natalya_Buksa won on time"]

1. e4 c5 2. Ne2 Nc6 3. g3 g6 4. Bg2 Bg7 5. c3 e5 6. d3 Nge7 7. Be3 d6 8. Nd2 O-O 9. f4 b6 10.
Nf3 Bg4 11. h3 Bd7 12. O-O f5 13. Qb3+ Kh8 14. Rad1 h6 15. Qc2 Qc8 16. Kh2 Rb8 17.
Qd2 Kh7 18. Bf2 Qc7 19. exf5 gxf5 20. Nh4 Ng6 21. Nxg6 Kxg6 22. fxe5 dxe5 23. d4 cxd4 24. cxd4 e4 25. Be3 Rbe8 26. Nf4+ Kh7 27. Nh5 Qd6 28. Nxg7 Kxg7 29. d5 Ne5 30. Bf4 Kh7 31. Rc1 Qf6 32.
Rc7 Rf7 33. Rxa7 Nd3 34. Be3 Qd6 35. Rf4 Rg7 36. b3 Reg8 37. Rxe4 fxe4 38. Bxe4+ Kh8 39. Bf2 Nxf2 40. Qxf2 Rxg3 41. Qd4+ R3g7+ 42. Kh1 Qg3 0-1

[Event "*** SCC Grand Prix: Titled Tuesday Blitz"]
[Site "Chess.com"]
[Date "2020.06.09"]
[Round "5"]
[White "vaishali2001"]
[Black "vanyakuba"]
[Result "0-1"]
[WhiteElo "2617"]
[BlackElo "2455"]
[TimeControl "180+1"]
[EndTime "9:56:49 PDT"]
[Termination "vanyakuba won by resignation"]

1. e4 d5 2. exd5 Qxd5 3. Nc3 Qa5 4. d4 Nf6 5. Nf3 Bg4 6. Bc4 Nc6 7. h3 Bh5 8. Bd2 O-O-O 9. g4 Bg6 10. Nb5 Qb6 11.
a4 Na5 12. Qe2 a6 13. Ne5 Nxc4 14. Nxc4 Qe6 15. Ne5 Ne4 16. Nc3 Nxd2 17. Qxd2 f6 18. O-O-O fxe5 19. Rhe1 Qb6 20. d5 e6 21. Rxe5 Bb4 22.
Rxe6 Qxe6 23. dxe6 Rxd2 24. Rxd2 Rf8 25. Re2 Be7 26.
Nd5 Kd8 27. Kb1 c6 28. Nxe7 Kxe7 29. Ka2 Rf6 30. f4 Rxe6 31. Rf2 Bf7 32. f5 Re2+ 0-1

[Event "*** SCC Grand Prix: Titled Tuesday Blitz"]
[Site "Chess.com"]
[Date "2020.06.09"]
[Round "5"]
[White "BIG_Pirate"]
[Black "GjakanTati"]
[Result "0-1"]
[WhiteElo "2420"]
[BlackElo "2592"]
[TimeControl "180+1"]
[EndTime "9:56:49 PDT"]
[Termination "GjakanTati won by resignation"]

1. Nf3 Nf6 2. c4 e6 3. g3 d5 4.
Bg2 b6 5. O-O Bb7 6. d4 Be7 7.
Nc3 O-O 8. Ne5 Nbd7 9. cxd5 exd5 10. Qa4 Nxe5 11. dxe5 Ne8 12. Nxd5 Bxd5 13. Rd1 c6 14. e4 Nc7 15. exd5 cxd5 16. Be3 Bc5 17. Qb3 Qe7 18. Bxd5 Rad8 19. Bxc5 bxc5 20. f4 Rb8 21. Qc2 Nb5 22. b3 Nd4 23. Qf2 h5 24. Rac1 Rfd8 25.
Bf3 h4 26. Bg2 hxg3 27. hxg3 Rd7 28. Rd3 Rbd8 29. Rdc3 Ne6 30. R3c2 Rd3 31. Bh3 Nd4 32. Rxc5 Rxg3+ 33. Kh2 Rf3 34. Qd2 Qh4 35. Qg2 Rxh3+ 36. Qxh3 Nf3+ 37. Kg2 Rd2+ 38. Kxf3 Qxh3+ 0-1

[Event "*** SCC Grand Prix: Titled Tuesday Blitz"]
[Site "Chess.com"]
[Date "2020.06.09"]
[Round "5"]
[White "Witik"]
[Black "Mikasinski"]
[Result "1-0"]
[WhiteElo "2581"]
[BlackElo "2411"]
[TimeControl "180+1"]
[EndTime "9:56:49 PDT"]
[Termination "Witik won by resignation"]

1. d4 Nf6 2. c4 g6 3. Nc3 Bg7 4. e4 d6 5. Nf3 O-O 6. Be2 e5 7.
O-O Nc6 8. dxe5 dxe5 9. Bg5 Qxd1 10.
Rfxd1 Bg4 11. h3 Bxf3 12. Bxf3 Nd4 13. Nd5 Nxd5 14. cxd5 Nxf3+ 15. gxf3 f5 16. Rac1 Rf7 17. Be3 Bf8 18. Rc4 Bd6 19. Rdc1 b6 20. a4 a5 21. Rc6 Rd7 22. Kg2 Kf7 23. R1c4 Rg8 24. Kf1 f4 25. Bd2 Ra8 26. Bc3 h5 27. Ke2 g5 28. b3 Ke7 29.
Bxe5 Rb8 30. Bc3 b5 31. axb5 Rxb5 32. e5 Ba3 33. Rxc7 Rxd5 34. R7c6 Rd2+ 35. Bxd2 1-0

[Event "*** SCC Grand Prix: Titled Tuesday Blitz"]
[Site "Chess.com"]
[Date "2020.06.09"]
[Round "5"]
[White "DanielTitichoca"]
[Black "isainz"]
[Result "1-0"]
[WhiteElo "2340"]
[BlackElo "2153"]
[TimeControl "180+1"]
[EndTime "9:56:49 PDT"]
[Termination "DanielTitichoca won by checkmate"]

1. e4 c5 2. Nf3 Nc6 3. d4 cxd4 4. Nxd4 e5 5. Nb5 d6 6. N1c3 a6 7. Na3 b5 8. Nd5 Nge7 9. c4 Nd4 10. cxb5 Nxd5 11.
exd5 Be7 12. Bd3 O-O 13. O-O f5 14. f3 f4 15. Bd2 axb5 16. Kh1 Qb6 17. Rc1 Bb7 18. Bc3 Rfc8 19. Qd2 Kh8 20. Be4 Ra4 21.
Bb4 Raa8 22. Qd3 g6 23. Bxg6 hxg6 24. Qxg6 Qd8 25. Qh6+ Kg8 26. Qg6+ Kh8 27. Qh6+ Kg8 28. Bc3 Ne2 29. Qg6+ Kh8 30. Qh6+ Kg8 31. Nxb5 Nxc1 32. Qg6+ Kh8 33. Qh6+ Kg8 34. Qg6+ Kf8 35. Qf5+ Kg8 36.
Rxc1 Bxd5 37. Qg6+ Kh8 38. Rd1 Bg8 39. Qh6+ Bh7 40.
Bxe5+ Kg8 41. Qg7# 1-0

[Event "*** SCC Grand Prix: Titled Tuesday Blitz"]
[Site "Chess.com"]
[Date "2020.06.09"]
[Round "5"]
[White "GOGIEFF"]
[Black "KuzubovYuriy"]
[Result "1/2-1/2"]
[WhiteElo "2900"]
[BlackElo "2753"]
[TimeControl "180+1"]
[EndTime "9:56:50 PDT"]
[Termination "Game drawn by repetition"]

1. d4 Nf6 2. c4 e6 3. Nf3 d5 4. Nc3 Nbd7 5. e3 Be7 6. Bd3 O-O 7. O-O c5 8. cxd5 Nxd5 9. Nxd5 exd5 10. b3 b6 11. Bb2 Bb7 12. Qc2 g6 13. Rfd1 Rc8 14. Qe2 Re8 15. Rac1 Bf6 16. Bb5 Re6 17. Bxd7 Qxd7 18. dxc5 bxc5 19. Bxf6 Rxf6 20. Ne5 Qe7 21. Ng4 Re6 22. h3 h5 23. Nh2 d4 24.
Nf1 Qg5 25. f3 Ba6 26. Qf2 dxe3 27. Qg3 Qe7 28. Re1 Rd8 29. Qf4 Bxf1 30. Rxf1 Rd2 31. Rfe1 Rxa2 32. Rcd1 e2 33. Qb8+ Kg7 34. Rd8 Rc2 35.
Rg8+ Kh6 36. Rh8+ Kg7 37. Rg8+ Kh7 38. Rh8+ Kg7 39. Rg8+ 1/2-1/2

[Event "*** SCC Grand Prix: Titled Tuesday Blitz"]
[Site "Chess.com"]
[Date "2020.06.09"]
[Round "5"]
[White "Lenyas66"]
[Black "rynos0411"]
[Result "1-0"]
[WhiteElo "2574"]
[BlackElo "2408"]
[TimeControl "180+1"]
[EndTime "9:56:50 PDT"]
[Termination "Lenyas66 won by resignation"]

1. e4 c6 2. d4 d5 3. exd5 cxd5 4.
Bd3 Nc6 5. c3 Nf6 6. Bf4 Bg4 7.
Qb3 Qd7 8. Nd2 a6 9. Ngf3 e6 10. Ne5 Nxe5 11. dxe5 Ng8 12. Be3 Ne7 13. f4 Bf5 14.
Be2 Nc6 15. O-O Be7 16. Nf3 O-O 17. h3 b5 18. Qd1 Na5 19. Nd4 Be4 20. b3 Rac8 21.
Qd2 Nc6 22. Bd3 Bxd3 23. Qxd3 Nxd4 24. Bxd4 Qc6 25. f5 exf5 26. Rxf5 Bc5 27. Raf1 Bxd4+ 28. cxd4 a5 29. Kh2 b4 30. Qf3 Qe6 31. Qg3 Rc3 32. Qh4 Qg6 33. Rg5 Qe4 34. Rf4 Qb1 35. Rxg7+ Kxg7 36. Qf6+ Kg8 37. Rg4+ Qg6 38. e6 fxe6 39. Rxg6+ hxg6 40. Qxg6+ Kh8 41. Qh6+ Kg8 42. Qxe6+ Kg7 43. Qe5+ Kg6 44. Qxd5 Rfc8 45. h4 Rc2 46. Qg5+ Kf7 47. h5 R8c3 48. h6 Rc8 49. Qg7+ Ke6 50. h7 R2c7 51.
h8=Q 1-0

[Event "*** SCC Grand Prix: Titled Tuesday Blitz"]
[Site "Chess.com"]
[Date "2020.06.09"]
[Round "5"]
[White "LittlePeasant"]
[Black "lachesisQ"]
[Result "0-1"]
[WhiteElo "2813"]
[BlackElo "3051"]
[TimeControl "180+1"]
[EndTime "9:56:51 PDT"]
[Termination "lachesisQ won on time"]

1. Nf3 c5 2. c4 Nc6 3. g3 Nf6 4. Bg2 d5 5. cxd5 Nxd5 6. Nc3 Nc7 7. d3 e5 8. O-O Be7 9. Nd2 O-O 10. Nc4 f6 11. f4 exf4 12. gxf4 Bd7 13. Ne3 Kh8 14. b3 Rb8 15. Bb2 b5 16. Qd2 Nd4 17. Rac1 Bc6 18.
Bxc6 Nxc6 19. Ne4 Na6 20. Nf5 Re8 21. Qe3 Bf8 22. Qg3 Rb7 23. h4 Rf7 24. h5 Qd5 25. Qg4 Nd4 26. Bxd4 cxd4 27. Kh2 Nc5 28. Nxc5 Bxc5 29.
Ng3 f5 30. Qf3 Qd6 31. Rc2 h6 32. Rfc1 Re3 33. Qf2 Bb6 34. Rc8+ Kh7 35. R1c6 Qe7 36. Kh3 Qb7 37. Kh2 Bc7 38. R6xc7 Rxc7 39. Rxc7 Qxc7 40. Nxf5 Re8 41. Nxd4 Qc5 42. e3 Qc3 43. Qe2 Qxd4 0-1

[Event "*** SCC Grand Prix: Titled Tuesday Blitz"]
[Site "Chess.com"]
[Date "2020.06.09"]
[Round "5"]
[White "Gordima"]
[Black "TERMINATOR_PC"]
[Result "1-0"]
[WhiteElo "2730"]
[BlackElo "2488"]
[TimeControl "180+1"]
[EndTime "9:56:51 PDT"]
[Termination "Gordima won by resignation"]

1. d4 Nf6 2. c4 g6 3. Nc3 Bg7 4. e4 d6 5. h3 O-O 6. Nf3 Na6 7. Be3 e5 8. d5 Nc5 9. Nd2 a5 10. g4 Ne8 11. h4 f5 12. g5 b6 13. h5 f4 14.
Bxc5 bxc5 15. h6 Bh8 16. Nf3 Rb8 17. b3 Bd7 18. Bh3 Rf7 19. Qe2 c6 20. Bxd7 Qxd7 21.
dxc6 Qxc6 22. Nd5 a4 23. Qc2 Nc7 24. Nxc7 Qxc7 25. Ke2 Qa5 26. bxa4 Rfb7 27. Rhb1 Rb4 28. Rxb4 Rxb4 29. Rb1 Rxa4 30. Rb8+ Kf7 31. Qb3 Rb4 32. Rxb4 cxb4 33. c5+ Ke7 34. cxd6+ Kxd6 35. Nd2 Qb5+ 36. Qc4 Qxc4+ 37. Nxc4+ Kc5 38. Kd3 Kb5 39. Nd6+ Ka4 40. Kc2 Ka3 41. Kb1 b3 42. Nf7 bxa2+ 43. Ka1 Kb3 44.
Nxh8 Kc4 45. Nxg6 Kd4 46. Nh4 Kxe4 47. g6 1-0

[Event "*** SCC Grand Prix: Titled Tuesday Blitz"]
[Site "Chess.com"]
[Date "2020.06.09"]
[Round "5"]
[White "serhanberat_ozdemir"]
[Black "tigra"]
[Result "0-1"]
[WhiteElo "2483"]
[BlackElo "2723"]
[TimeControl "180+1"]
[EndTime "9:56:51 PDT"]
[Termination "tigra won by resignation"]

1. e4 c5 2. Nf3 d6 3. d4 cxd4 4. Nxd4 Nf6 5. Nc3 a6 6. f3 e5 7. Nb3 Be6 8. Be3 Nbd7 9. Qd2 h5 10. Nd5 Nxd5 11. exd5 Bf5 12. c4 g6 13. Na5 Qc7 14.
Be2 h4 15. h3 Be7 16. O-O Kf8 17. Rac1 Bf6 18. b4 b6 19. Nc6 Kg7 20. f4 exf4 21. Bxf4 Rhe8 22. Bh6+ Kg8 23. Rxf5 gxf5 24. Bd3 Ne5 25.
Bxf5 Nxc6 26. dxc6 Qxc6 27. Qf4 Re5 28. Rf1 Rae8 29.
Qg4+ Kh8 30. Qh5 Kg8 31. Qg4+ Kh8 32. Bd7 Qe4 33. Rxf6 Qxg4 34. Bxg4 Re1+ 35. Kh2 Rb1 36. a3 Ree1 37. g3 Rb2+ 0-1

[Event "*** SCC Grand Prix: Titled Tuesday Blitz"]
[Site "Chess.com"]
[Date "2020.06.09"]
[Round "5"]
[White "Quattroporte300"]
[Black "Future2700"]
[Result "0-1"]
[WhiteElo "2234"]
[BlackElo "2402"]
[TimeControl "180+1"]
[EndTime "9:56:51 PDT"]
[Termination "Future2700 won by resignation"]

1. e4 c5 2. Nf3 e6 3. d4 cxd4 4. Nxd4 Nc6 5. Nc3 Qc7 6. Be2 a6 7.
O-O Nf6 8. Be3 Be7 9. f4 d6 10. Qe1 O-O 11. Qg3 Nxd4 12. Bxd4 b5 13. a3 Bb7 14. Rae1 Rad8 15. Kh1 Qd7 16. Bd3 Rfe8 17. Qh3 e5 18. Qxd7 Nxd7 19. fxe5 dxe5 20. Be3 Bc5 21. Bc1 Rc8 22. Bd2 Bd4 23. Rf5 Nc5 24. Ref1 f6 25. Re1 Nxd3 26. cxd3 Rcd8 27. Rf3 Bc8 28.
h3 Be6 29. Nd1 Rd7 30. Bc3 Red8 31. Ba5 Rc8 32. Nc3 Bc5 33. Kh2 Rc6 34. Bb4 Bxb4 35. axb4 Rd4 36. Nd5 Bxd5 37. exd5 Rxd5 38. Re4 Rcd6 39.
Ree3 Rd4 40. Kg3 Rxb4 41. Rf2 Rb3 42. Rd2 Rd4 43. Kf2 a5 44. Ke2 a4 45. Rc2 h6 46.
Rc8+ Kh7 47. h4 Rxb2+ 48. Kf3 Rxh4 49. g3 Rhh2 0-1

[Event "*** SCC Grand Prix: Titled Tuesday Blitz"]
[Site "Chess.com"]
[Date "2020.06.09"]
[Round "5"]
[White "kleopl"]
[Black "Kilpkonn"]
[Result "1-0"]
[WhiteElo "2339"]
[BlackElo "2017"]
[TimeControl "180+1"]
[EndTime "9:56:52 PDT"]
[Termination "kleopl won on time"]

1. c4 Nf6 2. Nc3 g6 3. g3 Bg7 4.
Bg2 O-O 5. e4 d6 6. Nge2 c5 7.
O-O Nc6 8. d3 Bg4 9. f3 Bd7 10.
h3 Qc8 11. Kh2 a6 12. f4 Rb8 13. a4 h5 14. Nd5 Nxd5 15. cxd5 Nd4 16. Be3 b5 17.
axb5 Rxb5 18. Bxd4 cxd4 19. Qd2 Qb7 20. Rfb1 Rb8 21.
Ra2 Rb4 22. Nc1 Qb5 23. b3 a5 24. Rba1 Ra8 25. Bf3 a4 26. Bd1 Qc5 27. bxa4 Qc8 28. Qxb4 Bxh3 29. Rc2 Qd7 30. a5 Bf1 31. Kg1 Qh3 32.
Rf2 Rc8 33. a6 Rc3 34. a7 Qxg3+ 35. Kxf1 Qh3+ 36. Rg2 Qh1+ 37. Kf2 Qh4+ 38. Ke2 Qxf4 39. a8=Q+ Kh7 40. Qbb8 Qe3+ 41. Kf1 Qf3+ 42. Bxf3 1-0

[Event "*** SCC Grand Prix: Titled Tuesday Blitz"]
[Site "Chess.com"]
[Date "2020.06.09"]
[Round "5"]
[White "Anton_Demchenko"]
[Black "Duhless"]
[Result "0-1"]
[WhiteElo "2816"]
[BlackElo "3060"]
[TimeControl "180+1"]
[EndTime "9:56:53 PDT"]
[Termination "Duhless won by checkmate"]

1. d4 Nf6 2. Nf3 e6 3. Bf4 b6 4. e3 Bb7 5. Bd3 Bd6 6. Bg3 O-O 7. Nbd2 Nc6 8. c3 Re8 9. e4 Bxg3 10. hxg3 d6 11.
Qe2 e5 12. dxe5 Nxe5 13. Nxe5 Rxe5 14. O-O-O Qe8 15. Rde1 Re7 16. g4 g6 17. Qf3 Nd7 18. Qh3 f6 19. Bc2 Nc5 20. f4 Qf8 21. g5 fxg5 22. f5 gxf5 23. b4 Nd7 24. exf5 Nf6 25. Re6 Rae8 26. Qe3 h6 27. Qd4 Rxe6 28. fxe6 Qg7 29.
Rf1 Rxe6 30. Bb3 d5 31. Rf5 Ne4 32. Rxd5 Bxd5 33. Qxd5 Qxc3+ 34. Kd1 Nf2# 0-1